 Dungeon Crawl Stone Soup version bcrawl-1.21.2-1-g32d02e0829 (webtiles) character file.

Game seed: 5750002635334403348

5371 Foic the Basher (level 10, -3/98 HPs)
             Began as a Troll Fighter on Feb 24, 2020.
             Slain by a six-headed hydra (12 damage)
             ... on level 2 of the Lair of Beasts.
             The game lasted 00:27:38 (7395 turns).

Foic the Basher (Troll Fighter)                     Turns: 7395, Time: 00:27:39

Health: -3/98      AC:  8    Str: 28    XL:     10   Next: 39%
Magic:  9/9        EV: 11    Int:  5    God:
Gold:   549        SH: 11    Dex: 10    Spells: 9/9 levels left

rFire    . . .     SeeInvis .   f - +2 whip (elec)
rCold    + . .     Gourm    +   b - +1 shield
rNeg     . . .     Faith    .   (armour unavailable)
rPois    +         Spirit   .   (helmet restricted)
rElec    .         Reflect  .   (no cloak)
rCorr    .         Harm     .   (gloves unavailable)
MR       .....                  (boots unavailable)
Stlth    +.........             (no amulet)
HPRegen  0.66/turn              s - ring of protection from cold
MPRegen  0.11/turn              y - ring of poison resistance

@: no status effects
A: large, almost no armour, unfitting armour, claws 3, fast metabolism 3,
gourmand, regeneration 1, AC +8
a: no special abilities


You were on level 2 of the Lair of Beasts.
You were completely stuffed.

You visited 3 branches of the dungeon, and saw 10 of its levels.

You collected 549 gold pieces.

Inventory:

Hand Weapons
 a - a +1 flail
 f - a +2 whip of electrocution (weapon)
 z - a +0 dire flail of draining
Missiles
 g - 1296 stones (quivered)
 i - 2 throwing nets {!f}
 u - 67 tomahawks
Armour
 b - a +1 shield (worn)
Jewellery
 o - an uncursed ring of flight
 s - a ring of protection from cold (left claw)
 y - a ring of poison resistance (right claw)
 D - a +4 ring of intelligence
Wands
 r - a wand of polymorph (2)
 E - a wand of random effects (8)
Scrolls
 d - 2 scrolls of teleportation
 k - 4 scrolls of fear
 l - 3 scrolls of blinking {unknown}
 p - a scroll of remove curse
 q - 5 scrolls of identify
 t - 2 scrolls of noise {unknown}
 v - 2 scrolls of magic mapping {unknown}
 x - 3 scrolls of enchant weapon
 F - a scroll of fog {unknown}
Potions
 c - 4 potions of might
 h - 2 potions of heal wounds
 j - 2 potions of agility {unknown}
 m - 2 potions of curing {unknown}
 n - a potion of brilliance {unknown}
 w - 3 potions of flight {unknown}
 A - a potion of mutation {unknown}
 B - a potion of lignification {unknown}
 C - a potion of haste
Comestibles
 e - 17 rations {!d}


   Skills:
 + Level 5.8 Fighting
 + Level 8.9 Maces & Flails
 + Level 7.2 Dodging
 + Level 5.8 Shields
 + Level 0.2 Unarmed Combat


You had 9 spell levels left.
You didn't know any spells.
Your spell library was empty.

Dungeon Overview and Level Annotations

Branches:
Dungeon (7/12)             Temple (1/1) D:7            Lair (2/6) D:7
  Swamp: Lair:2-4    Shoals: Lair:2-4     Snake: Lair:2-4    Spider: Lair:2-4

Altars:
Ashenzari
Cheibriados
Dithmenos
Elyvilon
Fedhas
Gozag
Hepliaklqana
Kikubaaqudgha
Lugonu
Nemelex Xobeh
Okawaru
Qazlal
Ru
Sif Muna
Trog
Uskayaw
Vehumet
Wu Jian
Xom
Yredelemnul
Zin
The Shining One

Shops:
D:4 [


Innate Abilities, Weirdness & Mutations

You cannot wear most types of armour.
Your thick skin is tough. (AC +8)
You are too large for most types of armour.
You have claws for hands.
Your metabolism is lightning-fast.
You like to eat raw meat.
Your natural rate of healing is unusually fast.


Message History

You block the six-headed hydra's attack. x2
The six-headed hydra bites you but does no damage.
The six-headed hydra bites you.
The six-headed hydra bites you but does no damage.
You whack the six-headed hydra!
The six-headed hydra is severely wounded.
You block the six-headed hydra's attack.
The six-headed hydra barely misses you. The six-headed hydra bites you!
The six-headed hydra bites you but does no damage.
You block the six-headed hydra's attack.
The six-headed hydra bites you.
You whack the six-headed hydra!
The six-headed hydra is almost dead.
The six-headed hydra bites you. x2; The six-headed hydra bites you!
* * * LOW HITPOINT WARNING * * *
The six-headed hydra bites you!
* * * LOW HITPOINT WARNING * * *
The six-headed hydra bites you but does no damage.
The six-headed hydra bites you!
You die...

#...........#
#P......
##............
..........
#..........##
###.......
#.......####
#.....##
#.......#
#..####
#.......# #..
##)......# #.
#........#
##......@##
#.......D.#
#........##
##........#
#P.......##
##.......#
#P.......#
##.......#
##.......#


You could see a six-headed hydra.

Vanquished Creatures
  A torpor snail (Lair:1)
  A cane toad (Lair:1)
  A komodo dragon (Lair:1)
  A troll (D:6)
  4 blink frogs (Lair:1)
  A hippogriff (D:6)
  9 yaks
  A basilisk (D:7)
  Edmund (D:6)
  Duvessa (D:6)
  A porcupine (Lair:1)
  A water moccasin (Lair:1)
  An orc warrior (D:5)
  2 ice beasts (D:5)
  A phantom (D:6)
  2 centaurs
  A bullfrog (Lair:1)
  A big kobold (D:6)
  Dowan (D:6)
  A howler monkey (D:6)
  3 crimson imps
  2 bullfrog zombies (D:5)
  3 centaur skeletons
  3 hounds
  2 jellies
  2 orc wizards
  2 iguanas
  4 worker ants
  Ijyb (D:5)
  2 hound zombies
  2 worker ant zombies
  Robin (D:1)
  4 adders
  2 oozes (D:6)
  5 worms
  3 dart slugs
  4 leopard geckos
  11 orcs
  4 giant cockroaches
  16 goblins
  7 hobgoblins
  3 jackals (D:7)
  5 quokkas
  2 ball pythons (D:2)
  9 bats
  3 frilled lizards
  5 kobolds
  A rat (D:1)
  A butterfly (Lair:1)
145 creatures vanquished.

Notes
Turn   | Place    | Note
-------+----------+-------------------------------------------
     0 | D:1      | Foic the Troll Fighter began the quest for the Orb.
     0 | D:1      | Reached XP level 1. HP: 22/22 MP: 0/0
   195 | D:1      | Reached XP level 2. HP: 25/29 MP: 1/1
  1220 | D:2      | Reached XP level 3. HP: 34/36 MP: 2/2
  1314 | D:2      | Found an iron altar of Okawaru.
  1532 | D:2      | Noticed Robin
  1714 | D:1      | Killed Robin
  1714 | D:1      | Gained mutation: Your natural rate of healing is unusually
                  | fast. [Troll growth]
  1714 | D:1      | Reached XP level 4. HP: 18/44 MP: 3/3
  2079 | D:3      | Reached skill level 3 in Maces & Flails
  2456 | D:3      | Reached XP level 5. HP: 52/52 MP: 4/4
  2980 | D:4      | Noticed a centaur
  2995 | D:4      | Found a blossoming altar of Fedhas.
  3052 | D:4      | Killed a centaur
  3052 | D:4      | Reached skill level 4 in Maces & Flails
  3052 | D:4      | Reached XP level 6. HP: 8/61 MP: 5/5
  3688 | D:4      | Found Soelo's Antique Armour Boutique.
  3825 | D:5      | Entered Level 5 of the Dungeon
  3853 | D:5      | Noticed an ice beast
  3860 | D:5      | Killed an ice beast
  3860 | D:5      | Reached XP level 7. HP: 67/67 MP: 6/6
  4111 | D:5      | Reached skill level 5 in Maces & Flails
  4116 | D:5      | Noticed Ijyb
  4165 | D:5      | Killed Ijyb
  4547 | D:6      | Noticed a hippogriff
  4568 | D:6      | Killed a hippogriff
  4568 | D:6      | Reached XP level 8. HP: 37/78 MP: 7/7
  4702 | D:6      | Reached skill level 6 in Maces & Flails
  4746 | D:6      | Noticed a troll
  4757 | D:6      | Killed a troll
  4757 | D:6      | Reached skill level 5 in Dodging
  5105 | D:6      | Found a hazy altar of Hepliaklqana.
  5190 | D:6      | Noticed Edmund
  5196 | D:6      | Killed Edmund
  5448 | D:7      | Found a staircase to the Ecumenical Temple.
  5453 | D:7      | Noticed Duvessa
  5453 | D:7      | Noticed Dowan
  5636 | D:6      | Killed Duvessa
  5636 | D:6      | Reached XP level 9. HP: 35/85 MP: 8/8
  5637 | D:6      | Killed Dowan
  5803 | D:7      | Found a staircase to the Lair.
  6050 | Temple   | Entered the Ecumenical Temple
  6234 | Lair:1   | Entered Level 1 of the Lair of Beasts
  6245 | D:7      | Reached skill level 7 in Maces & Flails
  6267 | Lair:1   | Noticed a torpor snail
  6369 | D:7      | Reached skill level 5 in Fighting
  6369 | D:7      | Reached skill level 5 in Shields
  6470 | Lair:1   | Killed a torpor snail
  6550 | Lair:1   | Noticed a cane toad
  6556 | Lair:1   | Killed a cane toad
  6729 | Lair:1   | Reached skill level 8 in Maces & Flails
  6730 | Lair:1   | Reached XP level 10. HP: 89/96 MP: 9/9
  7370 | Lair:2   | Noticed a six-headed hydra
  7395 | Lair:2   | Slain by a six-headed hydra

Skill      XL: |  1  2  3  4  5  6  7  8  9 10 |
---------------+-------------------------------+-----
Dodging        | 3 4 5 6 7 |  7.2
Maces & Flails | 3 4 5 6 8 |  8.9
Fighting       | 3 4 5 |  5.8
Shields        | 3 4 5 |  5.8
Unarmed Combat | |  0.2

Action                   |  1- 3 |  4- 6 |  7- 9 | 10-12 || total
-------------------------+-------+-------+-------+-------++-------
Melee: Flail             |   139 |   172 |       |       ||   311
       Whip              |       |    36 |   316 |    72 ||   424
       Unarmed           |       |       |     2 |       ||     2
  Use: Scroll            |       |     7 |       |       ||     7
       Potion            |       |       |     1 |       ||     1
 Stab: Sleeping          |       |     1 |       |       ||     1
  Eat: Chunk             |    16 |    11 |    21 |     4 ||    52
Armor: Skin              |    63 |    64 |    69 |    19 ||   215
Dodge: Dodged            |    65 |    68 |    88 |    18 ||   239
Block: Shield            |    79 |   102 |   138 |    30 ||   349
